AoeStats
← Huamatw

Enclosed

506857067Analyzed
1v1 RM · 17d ago on Sep 15, 2026· 36m 1s· 2 players
Game mode
Random Map
Map size
Tiny (2 player)
Population
200
Speed
Normal
Resources
Standard
Victory
Conquest
Starting age
Dark Age
Ending age
Imperial Age
RankedLock teamsTeams togetherTeam positionsShared explorationLock speedFull tech treeHidden civsTurbo modeCheats
Victory
Defeat
🇹🇼 Khmer · Taiwan
986
+14
🇨🇳 Poles · China
946
-14
hco1990
11:08 Feudal Age
9:47 Loom
11:47 Double-Bit Axe
11:43 Horse Collar
14:38 Bloodlines
15:21 Wheelbarrow
20:16 Castle Age
20:18 Forging
20:51 Stone Mining
21:17 Bow Saw
21:37 Heavy Plow
21:17 Light Cavalry
22:48 Scale Barding Armor
23:20 Padded Archer Armor
26:15 Crossbowman
33:16 Imperial Age
30:56 Thumb Ring
30:57 Husbandry
32:55 Szlachta Privileges
Huamatw
8:54 Loom
10:58 Feudal Age
14:10 Castle Age
13:17 Stone Mining
13:17 Double-Bit Axe
15:34 Scale Mail Armor
20:53 Wheelbarrow
20:54 Horse Collar
22:39 Pikeman
23:51 Scale Mail Armor
27:45 Forging
30:54 Imperial Age
28:53 Town Watch
29:57 Town Patrol
30:23 Fletching
30:33 Padded Archer Armor
31:57 Hand Cart
31:36 Gold Mining
33:04 Ballistics
33:17 Elite Skirmisher
34:51 Conscription
36:43 Chemistry
36:11 Bodkin Arrow
36:32 Leather Archer Armor
Connection lost

Rejoining the realm…

Still unreachable

The connection could not be restored.

Session expired

The server has moved on; the page needs a fresh start.